[Event "Late-Titled-Tuesday-Blitz-June-25-2024"]
[Site "Chess.com"]
[Date "2024.06.25"]
[Round "8"]
[White "Chessdude1987"]
[Black "DucksParadise"]
[Result "0-1"]
[WhiteElo "2361"]
[BlackElo "2582"]
[TimeControl "180+1"]
[EndTime "15:27:51 PDT"]
[Termination "DucksParadise won on time"]

1. e4 e6 2. d4 d5 3. exd5 exd5 4. Nf3 Nf6 5. Bd3 c5 6. O-O c4 7. Re1+ Be7 8. Bf1 O-O 9. Ne5 Nc6 10. Nxc6 bxc6 11. b3 cxb3 12. axb3 Bg4 13. Qd3 Re8 14. Nd2 Qd7 15. Nf3 Bf5 16. Qa6 Bd6 17. Ne5 Bxe5 18.
dxe5 Ng4 19. Bf4 f6 20. exf6 Nxf6 21. c4 d4 22. c5 d3 23. Red1 Qd4 24. Bg3 d2 25. Qc4+ Qxc4 26. Bxc4+ Kh8 27. Rxd2 Ne4 28. Re2 Nxc5 29. Rxe8+ Rxe8 30. f3 Bd3 31. Bf2 Bxc4 32. bxc4 Nd3 33. Rxa7 h6 34. Kf1 Rd8 35. Rc7 Ne5 36.
Ke2 Nxc4 37. Rxc6 Ne5 38. Re6 Nf7 39. Be3 Kg8 40. Ra6 Nh8 41. Kf2 Nf7 42. Ra7 Ne5 43.
h4 Nc4 44. Bc1 Rd1 45. Bf4 Rb1 46. Kg3 Rb2 47. Ra8+ Kf7 48. Ra7+ Kg6 49. Ra6+ Kh7 50. Rc6 Rb4 51. Rc7 Ra4 52. h5 Kg8 53. Rd7 Nb6 54. Rd8+ Kf7 55. Rb8 Nd5 56. Rb7+ Ke6 0-1

[Event "Late-Titled-Tuesday-Blitz-June-25-2024"]
[Site "Chess.com"]
[Date "2024.06.25"]
[Round "8"]
[White "vi_pranav"]
[Black "Dyadya81"]
[Result "1-0"]
[WhiteElo "3054"]
[BlackElo "2805"]
[TimeControl "180+1"]
[EndTime "15:27:52 PDT"]
[Termination "vi_pranav won on time"]

1. e4 c5 2. Nf3 d6 3. d4 cxd4 4.
Nxd4 Nf6 5. Nc3 g6 6. Be3 Nc6 7.
Be2 Bg7 8. O-O O-O 9. Qd2 Bd7 10.
h3 a6 11. a4 Rc8 12. Nxc6 Bxc6 13. f3 d5 14. e5 Nh5 15. f4 Ng3 16. Rfd1 f6 17.
exf6 exf6 18. Bf3 Ne4 19. Bxe4 dxe4 20. Qe2 Qe8 21. Bd4 Rf7 22. Qe3 Rd7 23. Rd2 Rcd8 24. Rad1 Qe6 25. b3 h5 26. Ne2 Kh7 27. Rf1 f5 28.
Rfd1 b5 29. Bxg7 Rxd2 30. Rxd2 Rxd2 31. Qxd2 Kxg7 32. axb5 axb5 33. Qc3+ Qf6 34. Nd4 Bd7 35. Kf2 Kh7 36. Ne2 Qb6+ 37. Qd4 Qc7 38. c3 Be6 39. Qb4 Qa7+ 40. Nd4 Qa2+ 41. Kg3 Bf7 42. Qe7 Kg8 43. Qd8+ Kg7 44. Qe7 Kg8 45. b4 Qc4 46. Qd8+ Kg7 47. Qd6 Qxc3+ 48. Kh4 Qe1+ 49. g3 Qc3 50. Qe5+ Kf8 51. Kg5 Qxb4 52. Kf6 1-0

[Event "Late-Titled-Tuesday-Blitz-June-25-2024"]
[Site "Chess.com"]
[Date "2024.06.25"]
[Round "8"]
[White "drdaro"]
[Black "howitzer14"]
[Result "0-1"]
[WhiteElo "2314"]
[BlackElo "3027"]
[TimeControl "180+1"]
[EndTime "15:27:52 PDT"]
[Termination "howitzer14 won by resignation"]

1. e4 c5 2. Nf3 e6 3. b4 cxb4 4.
d4 Nf6 5. Bd3 Be7 6. a3 Nc6 7.
O-O O-O 8. Re1 d6 9. axb4 Nxb4 10. Bf1 b6 11. Ba3 Nc6 12. Bd3 Bb7 13. Nbd2 Rc8 14. Qb1 e5 15. d5 Na5 16. c4 Nd7 17. Bb4 Qc7 18. Bf1 Nc5 19. Re3 Rb8 20. Qa2 Bc8 21.
Bxa5 bxa5 22. Ra3 a4 23. Ne1 Bd7 24. Nd3 Rb6 25. Nxc5 Qxc5 26. Rb1 Rfb8 27. Rxb6 Rxb6 28. Bd3 Qb4 29. Nf1 Bg5 30. Bc2 Bc1 31. Rg3 a3 32. Rb3 Qc5 33. Rxb6 Qxb6 34. Qb3 Qxb3 35. Bxb3 Kf8 36. Ne3 Ke7 37. Kf1 Kd8 38. Ke2 Kc7 39.
Kd3 Kb6 40. Nc2 Kc5 41. Na1 Bb2 42. Nc2 a5 43. Ba2 g6 44. Ne1 f5 45. f3 f4 46.
Nc2 g5 47. h3 h5 48. Ne1 g4 49. hxg4 hxg4 50. Nc2 g3 51. Ne1 Bc1 52. Kc2 Bb2 53.
Nd3+ Kd4 54. Nxb2 axb2 55. Kxb2 Bh3 56. c5 Kxc5 57. Kc3 Bxg2 0-1

[Event "Late-Titled-Tuesday-Blitz-June-25-2024"]
[Site "Chess.com"]
[Date "2024.06.25"]
[Round "8"]
[White "Pitomina"]
[Black "mishanick"]
[Result "0-1"]
[WhiteElo "2572"]
[BlackElo "3146"]
[TimeControl "180+1"]
[EndTime "15:27:53 PDT"]
[Termination "mishanick won by resignation"]

1. d4 Nf6 2. Bf4 d5 3. e3 c5 4. c3 Nc6 5. Nf3 Qb6 6. Qb3 c4 7. Qc2 Bf5 8. Qc1 e6 9. Nbd2 Nh5 10. Bg3 Nxg3 11. hxg3 Be7 12. Be2 O-O 13. Bd1 Bg6 14.
Bc2 f5 15. O-O Qc7 16. a4 Na5 17. Nh2 Bd6 18. Nhf3 Bh5 19. Bd1 h6 20. Be2 g5 21.
Qd1 a6 22. Nh2 Bxe2 23. Qxe2 g4 24. Rfb1 h5 25. Nhf1 Kg7 26. b4 Nc6 27. b5 Na5 28.
Qd1 Rh8 29. f4 Be7 30. Ra2 h4 31. Rab2 hxg3 32. Nxg3 Bh4 33. Ndf1 Nb3 34. Ne2 axb5 35. axb5 Ra3 36. Nd2 Nxd2 37. Qxd2 Rha8 38. g3 Be7 39. Rc1 Kg6 40. Kg2 Qa5 41. Rcc2 Ra1 42. Rc1 Rxc1 43. Nxc1 Qa1 44. Ne2 Rh8 45. Ng1 Bd6 46. Ra2 Qb1 47. Rb2 Qe4+ 48. Kf1 Rh1 49. Qe2 Ba3 50. Rc2 Kf6 51. Qf2 Qd3+ 52. Qe2 Qe4 53. Qf2 Rh8 54. Qe2 Ra8 55. Kf2 Qh1 56.
Ra2 Ra5 57. Kf1 Rxb5 58. Qc2 Rb3 59. Ra1 b5 60. Rb1 Qe4 61. Qxe4 fxe4 62. Ra1 Rxc3 63. Ne2 Rxe3 64. Kf2 Rf3+ 65. Kg2 b4 66. Rh1 e3 67. Rh6+ Kg7 68. Rxe6 Rf2+ 69. Kh1 Rxe2 70. Rb6 c3 71. f5 c2 72. Rb7+ Kf6 73. Rc7 c1=Q+ 74. Rxc1 Bxc1 0-1

[Event "Late-Titled-Tuesday-Blitz-June-25-2024"]
[Site "Chess.com"]
[Date "2024.06.25"]
[Round "8"]
[White "DryCounty"]
[Black "Romadk"]
[Result "1-0"]
[WhiteElo "2637"]
[BlackElo "2472"]
[TimeControl "180+1"]
[EndTime "15:27:54 PDT"]
[Termination "DryCounty won by resignation"]

1. e4 Nf6 2. e5 Nd5 3. d4 d6 4.
Nf3 g6 5. Bc4 Nb6 6. Bb3 Bg7 7.
Qe2 dxe5 8. dxe5 Nc6 9. O-O O-O 10. h3 Nd4 11. Nxd4 Qxd4 12. Re1 Be6 13. Bxe6 fxe6 14. Nc3 a6 15. Be3 Qxe5 16. Bxb6 Qxe2 17. Rxe2 cxb6 18. Rxe6 Bxc3 19. bxc3 Rac8 20. Rxe7 Rf7 21. Rae1 Rxc3 22. R1e6 Rxc2 23. Rxf7 Kxf7 24. Rxb6 Rxa2 25. Rxb7+ Kg8 26. g4 h6 27. Kg2 a5 28. h4 a4 29.
Ra7 a3 30. Kg3 Kf8 31. f3 Kg8 32. Kf4 Ra1 33. Ke5 a2 34. Kf6 g5 35. h5 Rb1 36.
Rxa2 Rb6+ 37. Ke5 Rb5+ 38. Kd6 Rb6+ 39. Kc5 Rf6 40. Ra3 Kg7 41. Kd5 Rf8 42. Ke4 Rf4+ 43.
Ke3 Rf7 44. Ra6 Re7+ 45. Kf2 Rf7 46. Kg3 Kh7 47. Ra4 Kg7 48. f4 gxf4+ 49. Kf3 Kh7 50. Rxf4 Rxf4+ 51. Kxf4 Kg7 52. Ke5 Kf7 53. Kf5 Kg7 54. Ke6 Kh8 55. Kf7 Kh7 56. Kf6 Kg8 57. Kg6 Kh8 58. Kxh6 1-0

[Event "Late-Titled-Tuesday-Blitz-June-25-2024"]
[Site "Chess.com"]
[Date "2024.06.25"]
[Round "8"]
[White "tptagain"]
[Black "SpeedofLight0"]
[Result "1-0"]
[WhiteElo "3037"]
[BlackElo "3142"]
[TimeControl "180+1"]
[EndTime "15:27:55 PDT"]
[Termination "tptagain won by checkmate"]

1. d4 Nf6 2. Nf3 d5 3. e3 e6 4. Bd3 b6 5. O-O Bb7 6. c4 Nbd7 7. cxd5 exd5 8. b3 Bd6 9. Ba3 c5 10. Nc3 a6 11. Rc1 O-O 12. Qe2 Re8 13. Rfd1 Qe7 14. Bf5 Rac8 15. dxc5 bxc5 16. Bxd7 Qxd7 17. Na4 Qe7 18.
Qd3 h6 19. h3 Ne4 20. Bb2 Rcd8 21. Nc3 Qe6 22. Qc2 Ng5 23. Nxg5 hxg5 24. Na4 g4 25.
Nxc5 Bxc5 26. Qxc5 gxh3 27. Qc7 Qg4 28. Qg3 Qxg3 29.
fxg3 Rxe3 30. Rc7 Rxg3 31. Rd2 Ba8 32. Bd4 Re8 33. Kh2 Rxg2+ 34. Rxg2 hxg2 35. Kxg2 f6 36. Kf3 Re4 37. Bxf6 gxf6 38. Rc8+ Kf7 39. Rxa8 Re6 40. Rd8 Re5 41. Ra8 Kg6 42. Rxa6 Kf5 43. Rd6 Kg6 44. a4 Kf7 45. a5 Ke7 46. Rb6 Rh5 47.
a6 Rh1 48. b4 Ra1 49. b5 Ra4 50. Rb7+ Kd6 51. a7 Ke5 52. b6 Ra3+ 53. Kf2 Kd4 54.
Rb8 Ra2+ 55. Kf3 Ra3+ 56. Kf4 Ra1 57. a8=Q Rf1+ 58. Kg3 Rg1+ 59. Kf2 Rg5 60. Qa4+ Ke5 61. Re8+ Kd6 62. Qb4+ Kc6 63. b7 Rf5+ 64. Kg3 d4 65. Re6+ Kd5 66. Rd6+ Ke4 67. Qxd4# 1-0

[Event "Late-Titled-Tuesday-Blitz-June-25-2024"]
[Site "Chess.com"]
[Date "2024.06.25"]
[Round "8"]
[White "patzer-reloaded"]
[Black "andrew-blr"]
[Result "1/2-1/2"]
[WhiteElo "2425"]
[BlackElo "2603"]
[TimeControl "180+1"]
[EndTime "15:27:55 PDT"]
[Termination "Game drawn - insufficient material"]

1. d4 Nf6 2. c4 g6 3. Nc3 Bg7 4. e4 O-O 5. Nf3 d6 6. Be2 Nc6 7. d5 Ne5 8. Nxe5 dxe5 9. Be3 Ne8 10. O-O f5 11. f3 Nd6 12. c5 Nf7 13. Qb3 Kh8 14. Bc4 f4 15. Bf2 Nh6 16. Rfd1 g5 17.
h3 Qe8 18. d6 exd6 19. cxd6 c6 20. d7 Bxd7 21. Qxb7 Be6 22. Bxe6 Qxe6 23. Rd7 Rfb8 24. Qc7 Rc8 25. Qd6 Qxd6 26. Rxd6 Rc7 27. Rad1 Nf7 28. Rd7 Rac8 29. Bxa7 Bf8 30. Bf2 h5 31. Na4 g4 32. hxg4 hxg4 33. fxg4 Ng5 34. Nc5 Bxc5 35.
Bxc5 Nxe4 36. Rxc7 Rxc7 37. Bd6 Nxd6 38. Rxd6 e4 39. Re6 e3 40. g3 Rg7 41. gxf4 Rxg4+ 42. Kf1 Rxf4+ 43. Ke1 Rf2 44. Re8+ Kg7 45. Rb8 Kf6 46. a4 Ke5 47. a5 Kd4 48. a6 Rf7 49. Rb7 Rf8 50. a7 Ra8 51. Ke2 c5 52. b3 Kd5 53.
Kxe3 Kc6 54. Rh7 Kb6 55. Kd3 Rxa7 56. Rxa7 Kxa7 57. Kc4 Kb6 58. b4 cxb4 59. Kxb4 1/2-1/2

[Event "Late-Titled-Tuesday-Blitz-June-25-2024"]
[Site "Chess.com"]
[Date "2024.06.25"]
[Round "8"]
[White "Gzucaritas"]
[Black "AlejandroArias"]
[Result "0-1"]
[WhiteElo "2035"]
[BlackElo "2355"]
[TimeControl "180+1"]
[EndTime "15:27:57 PDT"]
[Termination "AlejandroArias won on time"]

1. e4 c5 2. Nf3 g6 3. c3 Bg7 4. d4 cxd4 5. cxd4 d5 6. e5 Nc6 7. Nc3 Bg4 8. Be2 e6 9. h3 Bxf3 10. Bxf3 Nge7 11. O-O O-O 12. Bg5 h6 13. Be3 Nf5 14.
Nb5 a6 15. Nc3 f6 16. exf6 Qxf6 17. Ne2 Nfxd4 18. Nxd4 Nxd4 19. Bg4 Nf5 20. Bc5 Rfe8 21. Qb3 b5 22. Ba3 Nd4 23. Qb4 Nc2 24. Qd6 Nxa1 25. Rxa1 Bf8 26. Qg3 Bxa3 27. Qxa3 h5 28. Bf3 Kg7 29.
Rc1 Rac8 30. Re1 Rc6 31. Bxd5 Rc2 32. Bf3 Qd4 33. Rf1 e5 34. Qxa6 e4 35. Qb7+ Kh6 36. Bd1 Rd2 37. Bb3 Rf8 38. Qe7 Rdxf2 39. Rxf2 Qxf2+ 40. Kh1 Qf1+ 41. Kh2 Qf4+ 42. Kh1 Qf1+ 43. Kh2 Qf4+ 44.
Kh1 e3 45. Qe6 Qf1+ 46. Kh2 Qf4+ 47. Kh1 Qf1+ 48. Kh2 e2 49. Qe3+ Kh7 50. Qe7+ Kh6 51. Qe3+ Rf4 0-1

[Event "Late-Titled-Tuesday-Blitz-June-25-2024"]
[Site "Chess.com"]
[Date "2024.06.25"]
[Round "8"]
[White "manitodeplomo"]
[Black "MaxLeto"]
[Result "0-1"]
[WhiteElo "2587"]
[BlackElo "2461"]
[TimeControl "180+1"]
[EndTime "15:28:03 PDT"]
[Termination "MaxLeto won on time"]

1. d4 h5 2. e4 h4 3. c4 d6 4. Nc3 h3 5. g3 e5 6. d5 a5 7. Be3 Na6 8. f3 Be7 9. Qd2 Nc5 10. O-O-O Bd7 11. g4 Nf6 12. Nxh3 Nh7 13. Nf2 Bg5 14. h4 Bxe3 15. Qxe3 Nf8 16. h5 g5 17. Nd3 b6 18.
b3 Ng6 19. Nf2 Nf4 20. Kb2 Kf8 21. Rd2 Kg7 22. Rc2 f6 23. Qd2 Qb8 24. Nfd1 Qb7 25. Ne3 Kh6 26. Rh2 Rhb8 27. Ka1 a4 28. bxa4 Bxa4 29. Rb2 Ra5 30. Nc2 Bxc2 31. Qxc2 Rba8 32.
Kb1 R8a6 33. Kc1 Qa8 34. Kd2 Ra3 35. Ke1 R6a5 36. Kf2 Qa6 37. Kg1 Rxc3 38. Qxc3 Ra3 39.
Qb4 Rxf3 40. Qb5 Qxb5 41. cxb5 Nxe4 42. Rbc2 Nc5 43. Rc4 Rg3+ 44. Kh1 Rxg4 45. Rf2 Rh4+ 46. Kg1 Rg4+ 47. Kh2 Rh4+ 48. Kg3 Rxh5 49. Kg4 Kg6 50. Rf3 f5+ 51. Kg3 g4 52. Rf2 Ne4+ 53. Rxe4 fxe4 54.
Kxg4 Rg5+ 55. Kh4 Kf5 56. Rh2 e3 57. Bh3+ Kf6 58. Bg4 e4 59. Be2 Rg6 0-1

[Event "Late-Titled-Tuesday-Blitz-June-25-2024"]
[Site "Chess.com"]
[Date "2024.06.25"]
[Round "8"]
[White "Mackster23"]
[Black "guillembaches"]
[Result "1-0"]
[WhiteElo "2670"]
[BlackElo "2536"]
[TimeControl "180+1"]
[EndTime "15:28:08 PDT"]
[Termination "Mackster23 won on time"]

1. e4 d5 2. exd5 Qxd5 3. Nc3 Qa5 4. d4 Nf6 5. Bd2 Bg4 6. Nf3 c6 7. h3 Bh5 8. g4 Bg6 9. Qe2 Bxc2 10. Rc1 Bg6 11. Ne5 Nbd7 12. f4 Nxe5 13. dxe5 Nd7 14. f5 Qxe5 15. fxg6 hxg6 16. Ne4 e6 17. Bg2 Qd4 18.
Bc3 Bb4 19. Rd1 Bxc3+ 20. bxc3 Qb6 21. Nd6+ Ke7 22. Rf1 Nf6 23. g5 Rad8 24. gxf6+ gxf6 25. Nc4 Qc5 26. Ne3 Rxd1+ 27. Qxd1 Qxc3+ 28. Ke2 Rd8 29. Qc2 Qe5 30. Rd1 Rxd1 31. Qxd1 Qb5+ 32.
Qd3 Qe5 33. Qa3+ Ke8 34. Qxa7 Qb2+ 35. Kf3 Kf8 36. Qb8+ Kg7 37. Qa7 Qe5 38. a4 f5 39.
Qxb7 Qe4+ 40. Kf2 Qd4 41. Qb3 f4 42. Ke2 fxe3 43. Qxe3 Qxa4 44. Qc3+ Kg8 45. Bxc6 Qa2+ 46. Kf3 Qh2 47. Kg4 Qg1+ 48. Kf4 Qf2+ 49. Kg4 Qg1+ 50. Kf4 Qf2+ 51. Ke5 Qe2+ 52. Kd6 Qh2+ 53. Kd7 Qxh3 54. Qxh3 Kg7 55. Be4 g5 56. Qg3 f6 57. Qc3 e5 58.
Bc2 Kh6 59. Kd6 g4 60. Kc6 Kg5 61. Qe3+ Kh4 62. Qh6+ Kg3 63. Qxf6 1-0

[Event "Late-Titled-Tuesday-Blitz-June-25-2024"]
[Site "Chess.com"]
[Date "2024.06.25"]
[Round "8"]
[White "Dexter_Dyke"]
[Black "AlphaPerseii"]
[Result "0-1"]
[WhiteElo "2489"]
[BlackElo "2400"]
[TimeControl "180+1"]
[EndTime "15:28:17 PDT"]
[Termination "AlphaPerseii won by checkmate"]

1. e4 c5 2. Nf3 Nc6 3. d4 cxd4 4. c3 Nf6 5. e5 Nd5 6. Bc4 Nb6 7. Bb3 d5 8. exd6 Qxd6 9. O-O Be6 10. Bxe6 Qxe6 11. Re1 Qd7 12. cxd4 e6 13. Nc3 Be7 14. a4 O-O 15. a5 Nd5 16. a6 Rfd8 17. Nb5 bxa6 18.
Rxa6 Qb7 19. Qa4 Ndb4 20. Rxc6 Qxc6 21. Ne5 Qe8 22. Qa5 Rd5 23. Nc7 Rxa5 24. Nxe8 Rxe8 25.
Bd2 Rd5 26. Bc3 f6 27. Nc4 Kf7 28. Ne3 Rb5 29. Ra1 Rb7 30. f4 Nd5 31. Nc4 Rc8 32. Na5 Rd7 33. Bd2 Bb4 34. Bxb4 Nxb4 35. b3 Rxd4 36.
Nc4 Rc7 37. g3 h5 38. Ra4 Rd1+ 39. Kg2 Nc6 40. Ra6 Rd3 41. Ra3 Nd4 42. Nd6+ Kg6 43. Ne8 Rxb3 44. Rxb3 Nxb3 45. Nxc7 a5 46. Kf3 Kf5 47. Ke3 g5 48. fxg5 fxg5 49. Nb5 Kg4 50. Kf2 Kh3 51. Kg1 a4 52. Na3 Nd2 53. Nc2 Nf3+ 54. Kf2 Nxh2 55. Nd4 Ng4+ 56. Kf3 Ne5+ 57. Ke3 Kxg3 58. Nxe6 g4 59. Ke4 Nf3 60. Ng7 a3 61. Nxh5+ Kf2 62. Nf4 a2 63. Nd3+ Kf1 64. Kf4 a1=Q 65.
Kxg4 Ne5+ 66. Nxe5 Qxe5 67. Kf3 Qd4 68. Kg3 Ke2 69.
Kh3 Kf2 70. Kh2 Qh4# 0-1

[Event "Late-Titled-Tuesday-Blitz-June-25-2024"]
[Site "Chess.com"]
[Date "2024.06.25"]
[Round "8"]
[White "Oleksandr_Bortnyk"]
[Black "rasmussvane"]
[Result "1-0"]
[WhiteElo "3078"]
[BlackElo "2977"]
[TimeControl "180+1"]
[EndTime "15:28:23 PDT"]
[Termination "Oleksandr_Bortnyk won by resignation"]

1. e4 e5 2. Nf3 Nc6 3. Bb5 Nf6 4.
Qe2 Be7 5. O-O O-O 6. c3 d6 7.
Bxc6 bxc6 8. h3 c5 9. Rd1 Bb7 10. d3 h6 11. Na3 a5 12. Be3 Re8 13. Nd2 Bf8 14. Rf1 d5 15. exd5 Nxd5 16. Rad1 Nf4 17. Bxf4 exf4 18. Qg4 Qxd3 19. Qxf4 Re6 20. Ndc4 Qg6 21.
f3 Bd6 22. Nxd6 cxd6 23. Rf2 d5 24. Nb5 Rc8 25. Kh2 Bc6 26. Na7 Rd8 27. Qc7 Qf6 28. Qxa5 Qe7 29. Nxc6 Rxc6 30. Rxd5 Rxd5 31. Qa8+ Rd8 32.
Qxc6 Qe3 33. Qc7 Rd1 34. Qc8+ Kh7 35. Qf5+ Kg8 36. Qc2 Qe1 37. Re2 Qg1+ 38. Kg3 g6 39.
Qe4 Rd8 40. Qe3 Qd1 41. Kh2 Qd6+ 42. f4 Ra8 43. a3 c4 44. Qd4 Qc6 45. Re4 Rc8 46.
Re2 Qc7 47. Rd2 Re8 48. a4 Ra8 49. Qd7 Qxd7 50. Rxd7 Rxa4 51. Rb7 Ra1 52. Kg3 Rd1 53.
Rb4 Rd2 54. Kf3 Kg7 55. g4 Kf6 56. Ke3 Rd3+ 57. Ke4 Rxh3 58. Rxc4 Rg3 59. Rc6+ Ke7 60. b4 Rxg4 61. b5 Rg1 62. b6 Rb1 63. c4 h5 64.
Rc7+ Ke6 65. c5 h4 66. Kf3 f6 67. b7 Kf5 68. c6 h3 69. Rh7 Rb3+ 70. Ke2 Rb2+ 71. Kd3 Rb6 72. c7 Rxb7 73. c8=Q+ 1-0

[Event "Late-Titled-Tuesday-Blitz-June-25-2024"]
[Site "Chess.com"]
[Date "2024.06.25"]
[Round "8"]
[White "Statham_01"]
[Black "KebabJangles"]
[Result "1-0"]
[WhiteElo "2703"]
[BlackElo "2261"]
[TimeControl "180+1"]
[EndTime "15:28:23 PDT"]
[Termination "Statham_01 won by checkmate"]

1. e4 c5 2. a3 e6 3. b4 cxb4 4. axb4 Bxb4 5. Bb2 Nf6 6. e5 Nd5 7. c4 Nc7 8. Qg4 Bf8 9. Ra3 h5 10. Qf4 Nc6 11. Rf3 Qe7 12. Ba3 Nb4 13. Bxb4 Qxb4 14.
Qxf7+ Kd8 15. Nc3 Ne8 16. Bd3 Be7 17. Nge2 Qc5 18. O-O Qxe5 19. Nf4 Nd6 20. Qxe7+ Kxe7 21. Ng6+ Kd8 22. Nxe5 Kc7 23. c5 Ne8 24. Nb5+ Kb8 25.
Rb1 a6 26. Nd6 Nxd6 27. cxd6 b5 28. Bxb5 axb5 29. Rxb5+ Ka7 30. Rf7 Rd8 31. Nc6+ Ka6 32. Ra5+ Kb6 33. Rxa8 Kxc6 34. Rxg7 Kxd6 35. h4 Kc7 36.
Rg5 Rf8 37. Rxh5 Rf4 38. Rc5+ Kd6 39. Raxc8 Rxh4 40. g3 Rd4 41. Rc2 Rb4 42. R8c3 Rb1+ 43. Kg2 Ke7 44. Rd3 d5 45. Rc6 d4 46. Rxd4 e5 47.
Re4 Kf7 48. Rxe5 Rb7 49. Rce6 Kg7 50. Re7+ Kf6 51. Rxb7 Kxe5 52. Rb3 Kd4 53. Re3 Kc4 54. g4 Kd4 55. g5 Kc4 56. g6 Kd4 57. g7 Kd5 58. f4 Kd4 59. f5 Kc4 60. f6 Kd4 61. f7 Kd5 62. Kf2 Kc4 63. Ke2 Kd4 64. Kf3 Kd5 65. Kf4 Kd4 66. Kf5 Kc4 67. Kf6 Kd5 68. Kg6 Kc4 69. Kh7 Kd5 70. Kh8 Kc5 71. g8=Q Kc4 72.
Kg7 Kd5 73. Kf8 Kd4 74. Ke8 Kd5 75. f8=Q+ Kd4 76. Qgg7+ Kc4 77. Qff7+ Kc5 78. Qc3+ Kb5 79. Qfb3+ Ka6 80. Qcb2 Ka7 81. Re1 Ka6 82. Rb1 Ka5 83.
Ke7 Ka6 84. Ke6 Ka7 85. Kd5 Ka6 86. Kd4 Ka7 87. Kc4 Ka6 88. Kc3 Ka7 89. Q2c2 Ka6 90. Kb2 Ka7 91. Ka3 Ka6 92. Ka4 Ka7 93. Ka5 Ka8 94.
Ra1 Ka7 95. d4 Ka8 96. d5 Ka7 97. d6 Ka8 98. d7 Ka7 99. Ka4 Ka6 100. Ka3 Ka5 101. d8=Q+ Ka6 102. Qdd1 Ka5 103. Qdb1 Ka6 104. Qca2 Ka5 105. Qb4+ Ka6 106. Q4b3 Ka5 107. Kb2# 1-0

[Event "Late-Titled-Tuesday-Blitz-June-25-2024"]
[Site "Chess.com"]
[Date "2024.06.25"]
[Round "8"]
[White "canary2016"]
[Black "Onthequiet"]
[Result "1/2-1/2"]
[WhiteElo "2224"]
[BlackElo "2300"]
[TimeControl "180+1"]
[EndTime "15:28:30 PDT"]
[Termination "Game drawn by repetition"]

1. d4 c6 2. c4 d5 3. Nf3 Nf6 4. g3 a6 5. Bg2 b5 6. cxb5 axb5 7. O-O Bf5 8. Nc3 e6 9. Bf4 Nbd7 10. Ne5 Nxe5 11.
Bxe5 Bb4 12. Qb3 Be7 13. a4 b4 14. Na2 Qa5 15. Nc1 O-O 16. Nd3 Bxd3 17. Qxd3 c5 18. dxc5 Bxc5 19. Bxf6 gxf6 20. Rfc1 Rac8 21. Qf3 Be7 22.
Qg4+ Kh8 23. e4 dxe4 24. Qxe4 Rxc1+ 25. Rxc1 Qxa4 26. Rc7 Qd1+ 27. Bf1 Qd6 28. Qb7 Bd8 29. Rxf7 Rxf7 30. Qxf7 Qe7 31. Qh5 f5 32. Qe2 Kg7 33. Qc4 Bb6 34. Qc6 Bd4 35. b3 Kf6 36. Bc4 h5 37. Qf3 h4 38. Qh5 Ke5 39. Qh8+ Ke4 40. Qxh4+ Qxh4 41. gxh4 e5 42. Kg2 Kf4 43. h5 Kg5 44.
Bf7 e4 45. Kf1 f4 46. Ke2 f3+ 47. Kf1 Be5 48. h3 Kf4 49. Bg6 e3 50. fxe3+ Kxe3 51. h6 Bf6 52. h7 Bh8 53. h4 Be5 54. h5 Bh8 55. Be8 Be5 56. Bb5 Bh8 57. Bc4 Bd4 58.
Bf7 Kf4 59. Bg6 Kg5 60. Ke1 Kg4 61. Kf1 Kg3 62. Bf7 Kh4 63. Bg6 Kg5 64. Be8 Kf4 65. Bg6 Ke3 66. Bf7 Be5 67. Bg6 Bf6 68. Bf7 Bg7 69. Bg6 Bh8 70. Bf7 Kf4 71. Bg6 Ke5 72. Bf7 Kf6 73. Bg6 Ke5 74. Be8 Kf4 75. Bg6 Kg3 76. Bf7 Be5 77. Bg6 Bh8 78. Bf7 Bd4 79.
Be8 Bc3 80. Bf7 Bh8 81. Bg6 Bb2 82. Bf7 Bh8 83. Be8 Bd4 84. Bf7 Bh8 1/2-1/2

[Event "Late-Titled-Tuesday-Blitz-June-25-2024"]
[Site "Chess.com"]
[Date "2024.06.25"]
[Round "8"]
[White "JuliaEfremova"]
[Black "wild3000"]
[Result "1-0"]
[WhiteElo "2312"]
[BlackElo "2499"]
[TimeControl "180+1"]
[EndTime "15:28:39 PDT"]
[Termination "JuliaEfremova won on time"]

1. e4 a5 2. d4 a4 3. a3 h5 4. Nf3 e6 5. Bd3 h4 6. h3 Be7 7. Qe2 b6 8. Nc3 Nf6 9. e5 Nd5 10. Nxd5 exd5 11. c3 Ba6 12. Bxa6 Rxa6 13. Be3 O-O 14.
Qd2 d6 15. O-O dxe5 16. Nxe5 b5 17. Rae1 Nd7 18. Bf4 Nxe5 19. Bxe5 Rg6 20. Qd3 c6 21. Re2 Bd6 22. Rfe1 Bxe5 23. Rxe5 Qf6 24. Rf5 Qd6 25. Rh5 Qf4 26. Qe3 Qf6 27. Qe5 Qxe5 28. Rexe5 Rh6 29. Rxh6 gxh6 30. Re7 Rd8 31. Rc7 Rd6 32. Kf1 Kg7 33.
Re7 Kg6 34. f3 Re6 35. Rc7 f6 36. Kf2 h5 37. Rc8 Kg7 38. Rc7+ Kg6 39. Rc8 f5 40.
f4 Kh6 41. Rf8 Kg6 42. Rg8+ Kh6 43. Rg5 Rf6 44. Rg8 Kh7 45. Re8 Kh6 46. Kf3 Kg6 47.
Re5 Kf7 48. g3 hxg3 49. Kxg3 Rg6+ 50. Kh4 Kf6 51. Kxh5 Rg8 52. Kh4 Rg2 53. Re8 Rxb2 54. Rc8 Rb3 55. Rxc6+ Kf7 56. Kg5 Rxa3 57. Kxf5 Ra1 58. Rc7+ Ke8 59. Ke6 Re1+ 60. Kxd5 Re3 61. f5 Rxh3 62. f6 a3 63. Ke6 Re3+ 64. Kd6 a2 65. Ra7 Rxc3 66. Rxa2 b4 67. Ra7 b3 68. Rb7 Rf3 69. Ke5 Re3+ 70. Kd6 Rf3 71. Ke6 1-0

[Event "Late-Titled-Tuesday-Blitz-June-25-2024"]
[Site "Chess.com"]
[Date "2024.06.25"]
[Round "8"]
[White "vanyakuba"]
[Black "Alblooshi_Hamad"]
[Result "0-1"]
[WhiteElo "2438"]
[BlackElo "2321"]
[TimeControl "180+1"]
[EndTime "15:28:48 PDT"]
[Termination "Alblooshi_Hamad won by checkmate"]

1. e4 e5 2. Nf3 Nc6 3. Nc3 Nf6 4. g3 Bc5 5. Bg2 a6 6. h3 d6 7. d3 h5 8. Bg5 Be6 9. Nd5 Bxd5 10. exd5 Ne7 11.
Nd2 Qd7 12. c4 Qf5 13. Nf3 e4 14. dxe4 Nxe4 15. Be3 Bxe3 16. fxe3 Nxg3 17. Rg1 O-O-O 18. Qd4 Kb8 19. Qf4 Qxf4 20. exf4 Ngf5 21. Kf2 Ng6 22. Ng5 Rhf8 23. Be4 Nfe7 24. Kf3 Nh4+ 25. Kf2 Nhf5 26.
Rae1 g6 27. Bd3 Rde8 28. a3 Kc8 29. b4 Nd4 30. Be4 Nef5 31. Bd3 Ng7 32. Nf3 Nxf3 33. Kxf3 Kd7 34. Re2 Rxe2 35. Bxe2 Nf5 36. Bd3 Nd4+ 37.
Ke4 c5 38. dxc6+ Nxc6 39. Kf3 Nd4+ 40. Kf2 Re8 41. Rd1 Ne6 42. Kf3 Nd4+ 43. Kf2 f5 44. Bf1 Ne6 45. c5 Nxf4 46. Rxd6+ Kc7 47. a4 Re4 48. b5 axb5 49. axb5 Rb4 50. b6+ Kc8 51. Rf6 Kd7 52. Rf7+ Kc6 53. Rc7+ Kd5 54. Rxb7 Kxc5 55.
Rf7 Kxb6 56. Rf8 Kc7 57. Rf7+ Kd6 58. Rf8 Ke7 59. Ra8 Kf6 60. Ra7 Kg5 61. Ra8 Rb3 62. h4+ Kxh4 63. Ra4 Kg5 64. Ra8 h4 65. Kg1 Rg3+ 66.
Kf2 Rb3 67. Ra5 h3 68. Ra8 h2 69. Rh8 Rb2+ 70. Ke1 Kg4 71. Bc4 g5 72. Bf1 Kg3 73. Rh7 g4 74. Rh8 Nh3 75. Bxh3 h1=Q+ 76. Bf1 Qe4+ 77. Be2 Qb1+ 78. Bd1 Rg2 79. Kf1 Qxd1# 0-1

[Event "Late-Titled-Tuesday-Blitz-June-25-2024"]
[Site "Chess.com"]
[Date "2024.06.25"]
[Round "8"]
[White "ReinisUz"]
[Black "HajiyevKanan"]
[Result "1/2-1/2"]
[WhiteElo "2466"]
[BlackElo "2603"]
[TimeControl "180+1"]
[EndTime "15:29:16 PDT"]
[Termination "Game drawn by repetition"]

1. c4 a6 2. Nc3 c6 3. g3 d5 4. cxd5 cxd5 5. d4 Nf6 6. Bg2 Nc6 7. Nf3 g6 8. O-O Bg7 9. a3 Ne4 10. e3 Nxc3 11. bxc3 O-O 12. Nd2 Na5 13. a4 Bf5 14. Qe2 Rc8 15. Bb2 h5 16. Rfc1 Qd7 17. c4 Bg4 18.
Qd3 dxc4 19. Nxc4 Nxc4 20. Rxc4 Rxc4 21. Qxc4 Bh3 22. Bxh3 Qxh3 23. Ba3 Qd7 24. Rc1 h4 25. Qc7 Qxa4 26. Bxe7 hxg3 27. hxg3 Re8 28. Qxb7 Qb5 29. Qxb5 axb5 30. Bc5 Rb8 31. Rb1 f5 32. Kf1 Kf7 33. Ra1 Rb7 34. Ra7 Rxa7 35. Bxa7 Ke6 36. Ke2 Kd5 37.
Kd3 g5 38. Bc5 g4 39. Bb4 Bf6 40. Ba5 Be7 41. Bc7 Bb4 42. Bf4 Be1 43. Ke2 Ba5 44. Kd3 Bb4 45. Bg5 Bd6 46. Bf6 Ba3 47. Bg5 Bb4 48.
Ke2 Ke4 49. Bf4 Bc3 50. Kd1 Ba5 51. Kc2 Be1 52. Kb3 Kd5 53. Ka3 Kc4 54. Kb2 Bxf2 55. Kc2 Be1 56. Be5 Bf2 57. Bf4 Bg1 58. Bg5 b4 59. Bf4 b3+ 60. Kb2 Bf2 61. Kb1 Be1 62. Kb2 Bc3+ 63. Kb1 Kd5 64. Kc1 Ke4 65. Kb1 Kd5 66.
Kc1 Kc4 67. Kb1 Bb4 68. Kb2 Be7 69. Kb1 Bf8 70. Kc1 Kc3 71. Kb1 Ba3 72. d5 Kc4 73. d6 Kd5 74. d7 Be7 75. Bc7 Ke4 76. d8=Q Bxd8 77. Bxd8 Kxe3 78. Bc7 Kd3 79. Kb2 Kc4 80. Bf4 Kb4 81. Bd2+ Kc4 82. Bf4 Kb4 83. Bg5 Kc4 84. Be7 f4 85. gxf4 g3 86. Bd8 Kb5 87. Bh4 g2 88. Bf2 Kc4 89. f5 Kd5 90. Kxb3 Ke5 91. Kc2 Kxf5 92. Kd2 Kg4 93. Ke2 Kh3 94. Bc5 Kg3 95.
Bd4 Kh3 96. Bc5 Kg3 97. Bd4 Kh2 98. Bc5 Kh1 99. Bd4 Kh2 100. Bc5 Kg3 1/2-1/2